 Dungeon Crawl Stone Soup version 0.30-a0-1008-g30c9307041 (webtiles) character file.

Game seed: 5804487186444045453

1624 Newt the Skirmisher (level 9, -2/54 HPs)
             Began as a Kobold Hunter on Apr 5, 2023.
             Slain by an ice beast (13 damage)
             ... on level 6 of the Dungeon.
             The game lasted 00:05:21 (5704 turns).

Newt the Skirmisher (Kobold Hunter)                 Turns: 5704, Time: 00:05:21

Health: -2/54      AC:  9    Str:  8    XL:     9   Next: 17%
Magic:  15/15      EV: 18    Int: 11    God:
Gold:   386        SH:  0    Dex: 22    Spells: 13/16 levels left

rFire   . . .      SeeInvis .    a - +1 shortbow (chaos)
rCold   . . .      Faith    +    (shield currently unavailable)
rNeg    . . .      Spirit   .    c - +0 leather armour
rPois   +          Reflect  .    (no helmet)
rElec   .          Rampage  .    y - +2 cloak
rCorr   +                        g - +1 pair of gloves
Will    .....                    i - +0 pair of boots
Stlth   +++                      v - amulet of faith
HPRegen 0.29/turn                k - ring of resist corrosion
MPRegen 0.14/turn                s - ring of poison resistance

@: no status effects
A: small, no large weapons, nightstalker 3
a: no special abilities


You were on level 6 of the Dungeon.
You visited 1 branch of the dungeon, and saw 6 of its levels.

You collected 386 gold pieces.

Inventory:

Hand Weapons
 a - a +1 shortbow of chaos (weapon)
Armour
 c - a +0 leather armour (worn)
 g - a +1 pair of gloves (worn)
 i - a +0 pair of boots (worn)
 y - a +2 cloak (worn)
Jewellery
 k - a ring of resist corrosion (left hand)
 s - a ring of poison resistance (right hand)
 u - a ring of flight
 v - an amulet of faith (around neck)
 C - a ring of see invisible
Wands
 n - a wand of roots (12)
 q - a wand of light (7)
Scrolls
 b - 2 scrolls of immolation
 o - 3 scrolls of identify
 p - a scroll of torment
 r - 3 scrolls of enchant weapon
Potions
 d - a potion of brilliance
 e - 2 potions of attraction
 f - 2 potions of haste
 h - 4 potions of ambrosia
 j - 3 potions of curing
 l - a potion of degeneration
 m - 2 potions of heal wounds
 w - 2 potions of lignification {unknown}
 x - a potion of resistance {unknown}
 z - a potion of magic {unknown}


   Skills:
 - Level 5.0 Fighting
 - Level 10.0 Ranged Weapons
 - Level 6.0 Dodging
 - Level 1.3 Stealth
 + Level 4.2 Spellcasting
 + Level 4.3 Ice Magic


You had 13 spell levels left.
You knew the following spells:

 Your Spells              Type           Power      Damage    Failure   Level
a - Frozen Ramparts       Ice            22%        1d4       17%         3

Your spell library contained the following spells:

 Spells                   Type           Power      Damage    Failure   Level
 Freeze                   Ice            44%        1d6       6%          1
 Hailstorm                Conj/Ice       7%         3d4       38%         3


Dungeon Overview and Level Annotations

Branches:
Dungeon (6/15)
 Temple: D:4-7

Altars:
Sif Muna
Xom

Shops:
D:6 (


Innate Abilities, Weirdness & Mutations

You are small and have problems with some larger weapons.
You are completely attuned to the shadows.


Message History

The ice beast barely misses you.
You shoot an arrow. The arrow closely misses the ice beast.
The ice beast closely misses you.
You shoot an arrow. The arrow closely misses the ice beast.
The ice beast closely misses you.
You shoot an arrow. The arrow barely misses the ice beast.
The ice beast barely misses you.
You shoot an arrow. The arrow barely misses the ice beast.
The ice beast closely misses you.
You shoot an arrow.
The arrow completely misses the ice beast.
The ice beast hits you. The ice beast freezes you! The ice beast hits you.
The ice beast freezes you!
You are too injured to fight recklessly!
You are too injured to fight recklessly!
You are too injured to fight recklessly!
Unknown command.
You are too injured to fight recklessly!
You shoot an arrow. The arrow closely misses the ice beast.
The ice beast hits you but does no damage.
Unknown command.
You shoot an arrow.
The arrow hits the ice beast but does no damage.
The ice beast is severely wounded.
The ice beast hits you. The ice beast freezes you!
* * * LOW HITPOINT WARNING * * *
Unknown command.
You shoot an arrow. The arrow closely misses the ice beast.
The ice beast hits you but does no damage.
Unknown command.
You shoot an arrow. The arrow barely misses the ice beast.
The ice beast closely misses you.
Unknown command.
You shoot an arrow.
The arrow hits the ice beast but does no damage.
The ice beast is severely wounded.
The ice beast hits you.
* * * LOW HITPOINT WARNING * * *
The ice beast freezes you!
You die...

#.#.#####
#####.#
#.#.######
####.####
#.#.......
..)......
#......>..
####.####
#.###.###.
#.#
.....#.#
#.#
.......#
#.#
#.#...#
..# #..@#
#...Y...
#.#.##..
#.#.# . .
..#


You could see an ice beast.

Vanquished Creatures
  Sigmund (D:6)
  2 black bears (D:6)
  A sky beast (D:6)
  A centaur (D:6)
  An ogre (D:5)
  5 phantoms
  A bullfrog (D:5)
  A gnoll sergeant (D:6)
  3 jellies
  A sleepcap (D:5)
  Natasha (thrice) (D:2)
  3 iguanas
  An orc wizard (D:6)
  3 gnolls (D:6)
  12 adders
  A white imp (D:6)
  2 ufetubi
  3 worms
  2 dart slugs
  7 orcs
  9 bats
  6 endoplasms
  4 giant cockroaches
  6 goblins
  8 hobgoblins
  8 jackals
  6 kobolds
  A quokka (D:2)
  8 ball pythons
  3 frilled lizards
  3 rats
116 creatures vanquished.

Vanquished Creatures (others)
  4 toadstools (D:3)
4 creatures vanquished.

Grand Total: 120 creatures vanquished

Notes
Turn   | Place    | Note
-------+----------+-------------------------------------------
     0 | D:1      | Newt the Kobold Hunter began the quest for the Orb.
     0 | D:1      | Reached XP level 1. HP: 12/12 MP: 1/1
    69 | D:1      | Reached XP level 2. HP: 15/18 MP: 2/2
   188 | D:1      | You fall into a shaft and drop 1 floor!
   237 | D:2      | Reached XP level 3. HP: 24/24 MP: 3/3
  1026 | D:2      | Reached XP level 4. HP: 30/30 MP: 4/4
  1064 | D:2      | Found a shimmering altar of Xom.
  1333 | D:2      | Noticed Natasha
  1343 | D:2      | Killed Natasha
  1344 | D:2      | Reached skill level 5 in Fighting
  1398 | D:2      | Reached XP level 5. HP: 35/35 MP: 5/5
  1496 | D:2      | Noticed Natasha
  1501 | D:2      | Killed Natasha
  1502 | D:2      | Reached skill level 6 in Ranged Weapons
  1650 | D:2      | Noticed Natasha
  1654 | D:2      | Killed Natasha
  1883 | D:3      | Found a shimmering blue altar of Sif Muna.
  2360 | D:3      | Reached skill level 7 in Ranged Weapons
  2360 | D:3      | Reached XP level 6. HP: 40/40 MP: 6/6
  2409 | D:3      | Found a faded altar of an unknown god.
  2738 | D:4      | Reached skill level 8 in Ranged Weapons
  3146 | D:4      | Reached XP level 7. HP: 44/44 MP: 7/7
  3492 | D:4      | Reached skill level 9 in Ranged Weapons
  3842 | D:5      | Entered Level 5 of the Dungeon
  4014 | D:5      | Reached skill level 10 in Ranged Weapons
  4373 | D:5      | Reached XP level 8. HP: 49/49 MP: 8/8
  4387 | D:5      | Reached skill level 5 in Dodging
  4908 | D:5      | Learned a level 3 spell: Frozen Ramparts
  4975 | D:6      | Reached skill level 1 in Spellcasting
  4975 | D:6      | Reached skill level 1 in Ice Magic
  5125 | D:6      | Found Texta's Weapon Shop.
  5140 | D:6      | Noticed Sigmund
  5158 | D:6      | Killed Sigmund
  5314 | D:6      | Reached XP level 9. HP: 39/54 MP: 7/14
  5704 | D:6      | Slain by an ice beast

Illustrated notes

Levels and vault maps discovered:
D:1:      lightli_molten_gateway, layout_basic
D:2:      layout_loops_cross, basic_altar, uniq_natasha
D:3:      layout_loops_ring, lemuel_blue_sif_altar,
          ebering_ecumenical_altar_box, minmay_gold_behind_fungi
D:4:      layout_basic
D:5:      layout_basic, hangedman_abyss_or_decor_slice
D:6:      layout_loops_ring, serial_shops, shop, uniq_sigmund

Skill      XL: |  1  2  3  4  5  6  7  8  9 |
---------------+----------------------------+-----
Fighting       | 3 4 5 |  5.0
Ranged Weapons | 7 8 10 | 10.0
Dodging        | 4 6 |  6.0
Spellcasting   | 3 4 |  4.2
Ice Magic      | 3 4 |  4.3
Stealth        | |  1.3

Action                     |  1- 3 |  4- 6 |  7- 9 || total
---------------------------+-------+-------+-------++-------
   Fire: Shortbow          |    84 |   156 |   228 ||   468
   Cast: Frozen Ramparts   |       |       |     2 ||     2
  Evoke: Wand              |       |       |     2 ||     2
    Use: Scroll            |     6 |     6 |     3 ||    15
         Potion            |       |     3 |       ||     3
 Armour: Leather armour    |    19 |    24 |    35 ||    78
  Dodge: Dodged            |    34 |    73 |   126 ||   233

Table legend: (Time is in decaauts)
 A = Elapsed time spent in this place.
 B = Non-inter-level travel time spent in this place.
 C = Inter-level travel time spent in this place.
 D = Time resting spent in this place.
 E = Time spent auto-exploring this place.
 F = Levels seen in this place.
 G = Mean time per level.
                   A        B        C        D        E       F      G
               +--------+--------+--------+--------+--------+-----+--------+
         Total |   5769 |   5567 |    202 |    227 |   4544 |   6 |  961.5 |
       Dungeon |   5769 |   5567 |    202 |    227 |   4544 |   6 |  961.5 |
               +--------+--------+--------+--------+--------+-----+--------+

Top non-repeatable levels by time:
     D:4: 1217 daAuts
     D:5: 1128 daAuts
     D:2: 946 daAuts
     D:3: 874 daAuts
     D:1: 858 daAuts
     D:6: 745 daAuts
